[Event "Early-Titled-Tuesday-Blitz-January-23-2024"]
[Site "Chess.com"]
[Date "2024.01.23"]
[Round "8"]
[White "Lion-Al-Messi"]
[Black "Chessbard1972"]
[Result "0-1"]
[WhiteElo "2564"]
[BlackElo "2447"]
[TimeControl "180+1"]
[EndTime "9:27:44 PST"]
[Termination "Chessbard1972 won by resignation"]

1. e4 c5 2. Nf3 a6 3. c3 d5 4. exd5 Qxd5 5. d4 Nf6 6. Be2 Bg4 7. O-O e6 8. Be3 cxd4 9. cxd4 Nc6 10. Nc3 Qd6 11.
h3 Bh5 12. Re1 Be7 13. Ne5 Bxe2 14. Rxe2 O-O 15. Nc4 Qb4 16. Qd3 b5 17. Ne5 Qd6 18.
Nxc6 Qxc6 19. Rd1 Rfd8 20. Bg5 Qb7 21. Qg3 Nd5 22. Nxd5 Rxd5 23. Bh6 Bf6 24. Re4 Rh5 25. Bxg7 Bxg7 26. Rg4 f5 27. Rf4 Rd8 28. Qb3 Qd5 29. Qa3 Rg5 30. g3 e5 31. Rh4 f4 32. Qe7 Rg6 33. g4 exd4 34. Rh5 Qd6 35. Qe4 Rf8 36. b3 Qe6 37. Qd3 f3 38. Kh1 Qe2 39. Kg1 Re8 40. Qb1 Qe4 41. Qc1 d3 42. Qc7 d2 43.
Qd7 Qe1+ 44. Kh2 Qxf2+ 0-1

[Event "Early-Titled-Tuesday-Blitz-January-23-2024"]
[Site "Chess.com"]
[Date "2024.01.23"]
[Round "8"]
[White "Yushko_Olga"]
[Black "Szczor"]
[Result "1-0"]
[WhiteElo "2193"]
[BlackElo "2563"]
[TimeControl "180+1"]
[EndTime "9:27:44 PST"]
[Termination "Yushko_Olga won by checkmate"]

1. d4 Nf6 2. c4 e6 3. Nf3 Bb4+ 4. Bd2 a5 5. a3 Bxd2+ 6. Qxd2 b6 7. g3 Bb7 8. Bg2 O-O 9. O-O d6 10. Nc3 Nbd7 11. b4 Ne4 12. Qc2 Nxc3 13. Qxc3 Nf6 14. Rfd1 Be4 15. e3 Qc8 16. c5 Qb7 17. Ne1 Bxg2 18.
Nxg2 axb4 19. axb4 Rxa1 20. Rxa1 Ne4 21. Qc2 dxc5 22.
dxc5 bxc5 23. bxc5 Qd5 24. Rd1 Qe5 25. f4 Qh5 26.
Rd7 Nf6 27. Rxc7 Ng4 28. h4 Qd5 29. Qe2 h5 30. Ne1 Ra8 31. c6 g6 32. Qd3 Ra1 33. Rc8+ Kh7 34. Qc3 Qf3 35. Rh8# 1-0

[Event "Early-Titled-Tuesday-Blitz-January-23-2024"]
[Site "Chess.com"]
[Date "2024.01.23"]
[Round "8"]
[White "ChessQueen"]
[Black "viktorgen2021"]
[Result "1-0"]
[WhiteElo "2731"]
[BlackElo "2553"]
[TimeControl "180+1"]
[EndTime "9:27:45 PST"]
[Termination "ChessQueen won by resignation"]

1. d4 Nf6 2. c4 g6 3. Nc3 Bg7 4.
e4 d6 5. Nf3 O-O 6. Be2 e5 7.
O-O Na6 8. Re1 Qe8 9. dxe5 dxe5 10. Bg5 c6 11. Qc1 Nc5 12. Bh6 Qe7 13. Bxg7 Kxg7 14.
Qg5 Re8 15. Bf1 h6 16. Qe3 Bg4 17. b4 Na6 18. a3 Bxf3 19. Qxf3 Nc7 20. Red1 Rad8 21.
Qe3 b6 22. h3 Ne6 23. Rxd8 Rxd8 24. Rd1 Nd4 25. Bd3 a5 26. Na2 axb4 27. Nxb4 Nd7 28.
Bf1 Nc5 29. Rb1 Qa7 30. h4 h5 31. Qg5 f6 32. Qe3 Ra8 33. Nd3 b5 34. cxb5 cxb5 35.
Nxc5 Qxc5 36. Rxb5 Qxa3 37. Rb7+ Kg8 38. Qh6 Ne2+ 39.
Bxe2 Qc1+ 40. Qxc1 1-0

[Event "Early-Titled-Tuesday-Blitz-January-23-2024"]
[Site "Chess.com"]
[Date "2024.01.23"]
[Round "8"]
[White "scarabee43"]
[Black "Yurasova_Daria"]
[Result "1-0"]
[WhiteElo "2818"]
[BlackElo "2485"]
[TimeControl "180+1"]
[EndTime "9:27:46 PST"]
[Termination "scarabee43 won on time"]

1. Nf3 d5 2. e3 c6 3. c4 Nf6 4. b3 Bf5 5. Bb2 e6 6. Be2 Be7 7. d3 Nbd7 8. Nh4 Bg6 9. Nd2 O-O 10.
Nxg6 hxg6 11. O-O a5 12. e4 dxe4 13. dxe4 Nc5 14. Qc2 Qc7 15. Rad1 Rfd8 16. e5 Ne8 17. Nf3 Rxd1 18. Rxd1 Rd8 19. Bc3 Rxd1+ 20. Qxd1 Ne4 21. Bb2 Bc5 22. Bd4 Qe7 23. Qd3 Bxd4 24. Qxd4 Nc5 25. h4 Nc7 26. g3 N7a6 27. Ng5 Qd7 28. Qf4 Nb4 29. h5 gxh5 30. Qe3 Nbd3 31. Bxh5 g6 32. Be2 Kg7 33. g4 Nb4 34. Qh3 Nc2 35. Qh7+ Kf8 36. Qh8+ Ke7 37. Nh7 Qd8 38. Qf6+ Ke8 39.
Qg7 Qe7 40. Qg8+ Kd7 41. Qa8 Nd4 42. Nf6+ Kc7 43. Qxa5+ b6 44. Qd2 Qd8 45. Kf1 Nxe2 46. Qxd8+ Kxd8 47. Kxe2 Ke7 48. Ke3 Na6 49. a3 Nc5 50. b4 Na4 51. Ne4 Nb2 52. Kd4 Nd1 53.
f4 Kd7 54. Nd6 Ke7 55. Nc8+ Kd7 56. Nxb6+ Kc7 57. c5 Nf2 58. g5 Nh3 59. Ke3 1-0

[Event "Early-Titled-Tuesday-Blitz-January-23-2024"]
[Site "Chess.com"]
[Date "2024.01.23"]
[Round "8"]
[White "Hovik_Hayrapetyan"]
[Black "winniethepooh04"]
[Result "1-0"]
[WhiteElo "2820"]
[BlackElo "2529"]
[TimeControl "180+1"]
[EndTime "9:27:46 PST"]
[Termination "Hovik_Hayrapetyan won by resignation"]

1. d4 e6 2. c4 d5 3. Nc3 a6 4. cxd5 exd5 5. Nf3 Nf6 6. Bg5 Be6 7. Qb3 b5 8. e3 Nbd7 9. Be2 c5 10. dxc5 d4 11. Qc2 dxc3 12. b4 a5 13. Bxb5 Qc7 14. Bf4 Qb7 15.
Nd4 Qe4 16. Qxe4 Nxe4 17. Nxe6 fxe6 18. Bc6 Rc8 19. Bxe4 axb4 20. c6 Nf6 21. Bf3 Nd5 22. Bxd5 exd5 23. O-O-O Rxc6 24. Rxd5 Be7 25. Rhd1 Kf7 26.
Ra5 Bf6 27. Kc2 Rhc8 28. g4 h6 29. Rdd5 Rd8 30. Rxd8 Bxd8 31. Rb5 Be7 32. Ra5 Rc8 33. Be5 Rd8 34. Bd4 Rc8 35. Ra7 Ke6 36. f4 g6 37.
f5+ gxf5 38. gxf5+ Kd6 39. e4 Bf8 40. Ra6+ Kd7 41. e5 Rc4 42. e6+ Kc8 43. Ra8+ Kb7 44. Rxf8 Rxd4 45. e7 Rd2+ 46. Kc1 b3 47. axb3 1-0

[Event "Early-Titled-Tuesday-Blitz-January-23-2024"]
[Site "Chess.com"]
[Date "2024.01.23"]
[Round "8"]
[White "Slovineanu"]
[Black "koncheto"]
[Result "1/2-1/2"]
[WhiteElo "2419"]
[BlackElo "2554"]
[TimeControl "180+1"]
[EndTime "9:27:46 PST"]
[Termination "Game drawn by repetition"]

1. d4 Nf6 2. Nf3 e6 3. c4 c5 4. d5 exd5 5. cxd5 d6 6. e4 g6 7. Bd3 Bg4 8. O-O Bg7 9. Bf4 O-O 10. Nbd2 Qe7 11. Re1 Nbd7 12. Nc4 Ne8 13. a4 b6 14.
h3 Bxf3 15. Qxf3 Ne5 16. Qe2 Nxc4 17. Bxc4 Be5 18. Bh6 Bg7 19. Bxg7 Kxg7 20. f4 Rb8 21. Rad1 f6 22. Bb5 Nc7 23. e5 fxe5 24. fxe5 Nxb5 25. Qxb5 dxe5 26. d6 Qf6 27. d7 Rbd8 28. Rd2 Rf7 29.
Red1 e4 30. Qe2 Qe6 31. Rd6 Qe5 32. R1d5 Qe7 33. b3 e3 34. Rd3 Qe5 35. a5 b5 36.
R6d5 Qa1+ 37. Kh2 Qxa5 38. Qxe3 Qc7+ 39. Rd6 Rdxd7 40. Qe5+ Kf8 41. Qh8+ Ke7 42. Qe5+ Kd8 43. Qh8+ Ke7 44. Qe5+ Kd8 45. Qh8+ Ke7 1/2-1/2

[Event "Early-Titled-Tuesday-Blitz-January-23-2024"]
[Site "Chess.com"]
[Date "2024.01.23"]
[Round "8"]
[White "Sibelephant"]
[Black "mbojan"]
[Result "1-0"]
[WhiteElo "3079"]
[BlackElo "2895"]
[TimeControl "180+1"]
[EndTime "9:27:48 PST"]
[Termination "Sibelephant won by resignation"]

1. Nf3 g6 2. e4 Nf6 3. e5 Nh5 4. d4 d6 5. Bc4 Nc6 6. O-O d5 7. Bb5 Bd7 8. c4 e6 9. cxd5 exd5 10. Nc3 Ne7 11. e6 fxe6 12. Bxd7+ Qxd7 13. Ne5 Qd6 14. Qf3 Bg7 15. Nb5 Qb6 16. Qf7+ Kd8 17. Bg5 Re8 18. a4 a6 19. Nc3 Qxd4 20. Nf3 Qd3 21. Qxe6 Bxc3 22. bxc3 Qf5 23. Qe3 Nf6 24. Nd4 Qe4 25. Bxf6 Qxe3 26. fxe3 Kd7 27. Rad1 c5 28.
Nb3 Kc6 29. Bxe7 Rxe7 30. Rf6+ Kc7 31. Nxc5 Re4 32. Nxe4 1-0

[Event "Early-Titled-Tuesday-Blitz-January-23-2024"]
[Site "Chess.com"]
[Date "2024.01.23"]
[Round "8"]
[White "Revan_2002"]
[Black "FREDERICKtheMATE"]
[Result "1-0"]
[WhiteElo "2408"]
[BlackElo "2565"]
[TimeControl "180+1"]
[EndTime "9:27:48 PST"]
[Termination "Revan_2002 won by resignation"]

1. b3 c5 2. Bb2 Nc6 3. e3 Nf6 4. Nf3 g6 5. Bb5 Bg7 6. Bxc6 dxc6 7. O-O O-O 8. d3 Qc7 9. Nbd2 Re8 10. e4 e5 11. a3 a5 12. a4 b6 13. Nc4 Nh5 14.
h3 Nf4 15. Bc1 f5 16. Re1 fxe4 17. dxe4 Be6 18. Bxf4 exf4 19. Rb1 Bc3 20. Re2 Rad8 21.
Qc1 h6 22. Nb2 g5 23. Nd3 c4 24. bxc4 Bxc4 25. Qa3 Bg7 26. Ree1 b5 27. e5 b4 28. Qb2 Rd5 29. Re4 Bxd3 30. cxd3 Rxd3 31. Qc2 Rd5 32. e6 Qd6 33. Rbe1 Rc5 34. Qb1 Rc3 35. e7 Rd3 36. Ne5 Bxe5 37. Rxe5 Kf7 38. Qa2+ b3 39. Qe2 Kg7 40. Re6 Rd2 41. Rxd6 Rxe2 42. Rxe2 c5 43. Rc6 Rb8 44. e8=Q Rxe8 45. Rxe8 b2 46. Rb8 1-0

[Event "Early-Titled-Tuesday-Blitz-January-23-2024"]
[Site "Chess.com"]
[Date "2024.01.23"]
[Round "8"]
[White "quvnoq_muxlis"]
[Black "eightbyeightchess"]
[Result "1-0"]
[WhiteElo "2684"]
[BlackElo "2399"]
[TimeControl "180+1"]
[EndTime "9:27:50 PST"]
[Termination "quvnoq_muxlis won by resignation"]

1. e4 e6 2. b3 d5 3. Bb2 Nf6 4. e5 Nfd7 5. f4 c5 6. Nf3 Nc6 7. Bb5 Qb6 8. Bxc6 Qxc6 9. O-O b6 10. d3 Bb7 11. c4 Be7 12. Qe2 d4 13. Nbd2 O-O-O 14.
Kh1 f6 15. b4 Rde8 16. a4 Rhg8 17. Bxd4 cxd4 18. Nxd4 Qxg2+ 19. Qxg2 Bxg2+ 20. Kxg2 fxe5 21. Nc6 Bf6 22. Ne4 exf4 23. Nd6+ Kc7 24. Nxe8+ Rxe8 25. Nxa7 Bxa1 26. Nb5+ Kc6 27. Rxa1 Ne5 28. d4 Nd3 29.
Rb1 Rf8 30. Kf3 g5 31. Ke2 f3+ 32. Kxd3 g4 33. Ke3 h5 34. Nc3 h4 35. Rf1 g3 36.
hxg3 hxg3 37. Rxf3 g2 38. Rg3 Rf1 39. Rxg2 Rc1 40. Kd3 1-0

[Event "Early-Titled-Tuesday-Blitz-January-23-2024"]
[Site "Chess.com"]
[Date "2024.01.23"]
[Round "8"]
[White "LangesNasenhaar"]
[Black "Glidzhian_Gor"]
[Result "0-1"]
[WhiteElo "2415"]
[BlackElo "2575"]
[TimeControl "180+1"]
[EndTime "9:27:50 PST"]
[Termination "Glidzhian_Gor won on time"]

1. d4 Nf6 2. Bg5 c5 3. Bxf6 gxf6 4. d5 Qb6 5. Qc1 f5 6. c4 Bh6 7. e3 f4 8. exf4 Bxf4 9. Qxf4 Qxb2 10. Ne2 Qxa1 11.
Nc3 d6 12. Bd3 Nd7 13. O-O Ne5 14. Qd2 Rg8 15. Kh1 Nxd3 16. Qxd3 Qb2 17. Qxh7 Rf8 18. Nb5 Kd8 19. Qh6 Rh8 20. Qf4 Qe5 21. Qxe5 dxe5 22. d6 a6 23. dxe7+ Kxe7 24. Nc7 Rb8 25. Nd5+ Kd6 26.
Rd1 Be6 27. Nbc3 b5 28. Ne4+ Kc6 29. Ne7+ Kb6 30. Rd6+ Kc7 31. Rxa6 bxc4 32. h3 c3 33. Nxc3 Ra8 34. Nb5+ Kd7 35. Rxa8 Rxa8 0-1

[Event "Early-Titled-Tuesday-Blitz-January-23-2024"]
[Site "Chess.com"]
[Date "2024.01.23"]
[Round "8"]
[White "Iball95"]
[Black "OparinGrigoriy"]
[Result "1-0"]
[WhiteElo "2783"]
[BlackElo "3006"]
[TimeControl "180+1"]
[EndTime "9:27:52 PST"]
[Termination "Iball95 won by checkmate"]

1. e4 Nf6 2. e5 Nd5 3. c4 Nb6 4. c5 Nd5 5. Bc4 e6 6. d4 d6 7. cxd6 cxd6 8. Nf3 Nb6 9. Bd3 Nc6 10. O-O Nb4 11.
Nc3 Nxd3 12. Qxd3 d5 13. Bg5 Qd7 14. Rac1 a6 15. Ne2 h6 16. Bh4 Nc4 17. b3 Na5 18. Rc2 Nc6 19. Qe3 a5 20. Ne1 b6 21.
Nd3 Ba3 22. f4 Ba6 23. f5 exf5 24. Ndf4 Nd8 25. Bxd8 Rxd8 26. e6 Qe7 27. Rc7 O-O 28. Rxe7 Bxe7 29. exf7+ Rxf7 30. Re1 Bg5 31. Qg3 Re7 32.
h4 Bf6 33. Nh5 Bxh4 34. Qxh4 Rde8 35. Qg3 Kh8 36. Kh2 Bxe2 37. Rxe2 Rxe2 38. Qxg7# 1-0

[Event "Early-Titled-Tuesday-Blitz-January-23-2024"]
[Site "Chess.com"]
[Date "2024.01.23"]
[Round "8"]
[White "tandaleo"]
[Black "HamedWafa4"]
[Result "1-0"]
[WhiteElo "2560"]
[BlackElo "2708"]
[TimeControl "180+1"]
[EndTime "9:27:52 PST"]
[Termination "tandaleo won by checkmate"]

1. f4 g6 2. Nf3 Bg7 3. e4 c5 4.
Be2 Nc6 5. O-O d6 6. d3 Nf6 7. Nc3 O-O 8. a4 a6 9. Be3 Rb8 10. Qd2 Ng4 11. Bf2 Nxf2 12. Rxf2 b5 13. axb5 axb5 14. Raf1 b4 15. Nd5 Bxb2 16. f5 e6 17. c3 bxc3 18. Qh6 f6 19. fxg6 Rb7 20. Ng5 f5 21.
exf5 exf5 22. gxh7+ Kh8 23. Bh5 c2 24. Rxc2 Bd4+ 25.
Kh1 Rg7 26. Ne6 Bxe6 27. Qxe6 Rxh7 28. Rxf5 Rxf5 29. Qxf5 Ne5 30. Rf2 Bxf2 31. Nf6 Rg7 32. Bg6 Nxg6 33. Qh5+ Rh7 34. Qxh7# 1-0

[Event "Early-Titled-Tuesday-Blitz-January-23-2024"]
[Site "Chess.com"]
[Date "2024.01.23"]
[Round "8"]
[White "Practical-Play"]
[Black "Hamisandwich"]
[Result "0-1"]
[WhiteElo "2522"]
[BlackElo "2710"]
[TimeControl "180+1"]
[EndTime "9:27:52 PST"]
[Termination "Hamisandwich won by resignation"]

1. e4 e5 2. Nf3 Nf6 3. Nc3 d6 4. d4 Nbd7 5. Be3 c6 6. Qd2 b5 7. a3 Bb7 8. h3 a5 9. dxe5 dxe5 10. Bd3 Qc7 11. O-O Nc5 12. Rad1 Nxd3 13. Qxd3 Be7 14. Rfe1 O-O 15. Nh4 Rfd8 16. Qe2 b4 17. Na4 c5 18. Nf5 Bf8 19. Bg5 Rxd1 20. Rxd1 Nxe4 21.
Be3 Qc6 22. Qg4 h5 23. Qxh5 Qxa4 24. Nh6+ gxh6 25. Qg4+ Kh8 26. Qf5 Qc6 27. Rd7 Nf6 28.
f3 Nxd7 29. Qxf7 Bg7 30. Qg6 Qxg6 0-1

[Event "Early-Titled-Tuesday-Blitz-January-23-2024"]
[Site "Chess.com"]
[Date "2024.01.23"]
[Round "8"]
[White "Dinosaurio_1975"]
[Black "Janosik"]
[Result "0-1"]
[WhiteElo "2656"]
[BlackElo "2849"]
[TimeControl "180+1"]
[EndTime "9:27:54 PST"]
[Termination "Janosik won by checkmate"]

1. e4 e5 2. Nf3 Nc6 3. Nc3 d6 4. d4 Bd7 5. Bb5 Nge7 6. Be3 a6 7.
Be2 g6 8. Qd2 Bg7 9. h4 h6 10.
d5 Nb8 11. h5 g5 12. Nh2 f5 13. exf5 Nxf5 14. Bd3 O-O 15. g4 Nh4 16. O-O-O a5 17. Qe2 Na6 18. a3 Qe7 19. Nf1 Nf3 20. Ng3 Bxg4 21. Rdg1 Nb4 22. Be4 c6 23. axb4 axb4 24. Nb1 Ra1 25. Nf5 Bxf5 26. Qxf3 cxd5 27. Bxf5 e4 28.
Qg4 Qe5 29. Be6+ Kh8 30. Kd2 d4 31. Bxg5 Rxf2+ 32. Ke1 e3 33. Ba2 d3 34. Qc8+ Rf8 35. Qe6 Qxe6 36. Bxe6 Rxb1# 0-1

[Event "Early-Titled-Tuesday-Blitz-January-23-2024"]
[Site "Chess.com"]
[Date "2024.01.23"]
[Round "8"]
[White "GlennTipton"]
[Black "vladgoncharov"]
[Result "0-1"]
[WhiteElo "2515"]
[BlackElo "2642"]
[TimeControl "180+1"]
[EndTime "9:27:54 PST"]
[Termination "vladgoncharov won by resignation"]

1. e4 e6 2. d4 d5 3. Nc3 Nf6 4. e5 Nfd7 5. f4 c5 6. Nf3 a6 7. Be3 b5 8. Qd2 b4 9. Ne2 a5 10. h4 Ba6 11. h5 h6 12. g4 Nc6 13.
Ng3 Bxf1 14. Rxf1 Qc7 15. a3 cxd4 16. Nxd4 Nxd4 17. Bxd4 bxa3 18. bxa3 Be7 19. Rf3 O-O 20. Rc3 Qb7 21. Kf2 f6 22. exf6 Bxf6 23. Kg2 Rac8 24. Rxc8 Rxc8 25. Re1 Bxd4 26. Qxd4 Rxc2+ 27. Kh3 Nf8 28. f5 Rc4 29. Qf2 Qf7 30. Qf3 Qf6 31. Rf1 Rc3 32. Qg2 Qe5 33. fxe6 Nxe6 34. Kh2 Ng5 35. Rf5 Qe3 36. Rxd5 Kh7 37. Rxa5 Qf4 38. Rxg5 hxg5 39. Qe4+ Qxe4 40. Nxe4 Rc2+ 41. Kg3 Kh6 42. Kf3 Ra2 43. Nd6 Rxa3+ 44. Ke4 Ra4+ 45. Kf5 Rf4+ 46. Ke5 Rxg4 0-1

[Event "Early-Titled-Tuesday-Blitz-January-23-2024"]
[Site "Chess.com"]
[Date "2024.01.23"]
[Round "8"]
[White "chess_blitz00"]
[Black "Iunusovnuriddin"]
[Result "0-1"]
[WhiteElo "2451"]
[BlackElo "2304"]
[TimeControl "180+1"]
[EndTime "9:27:54 PST"]
[Termination "Iunusovnuriddin won by checkmate"]

1. b3 d6 2. Bb2 Nd7 3. Nf3 Ngf6 4. e3 g6 5. Bc4 Bg7 6. Bxf7+ Kxf7 7. Ng5+ Kg8 8. Ne6 Qe8 9. Nxc7 Qf7 10. Nxa8 Ne4 11. f3 Bxb2 12. fxe4 Bxa1 13. c3 Ne5 14. d4 Ng4 15. Qe2 Kg7 16. Nc7 Bd7 17. Rf1 Nf6 18.
e5 dxe5 19. dxe5 Rc8 20. exf6+ exf6 21. Nb5 Qd5 22. Nd4 Bxc3+ 23. Nxc3 Rxc3 24. Kd2 Qa5 25. Kd1 Bg4 26. Qxg4 Rd3+ 27. Ke2 Qd2+ 28. Kf3 Rxe3+ 29. Kf4 Qxd4# 0-1

[Event "Early-Titled-Tuesday-Blitz-January-23-2024"]
[Site "Chess.com"]
[Date "2024.01.23"]
[Round "8"]
[White "Juicy_Fork"]
[Black "SulfatoFerroso"]
[Result "0-1"]
[WhiteElo "2434"]
[BlackElo "2113"]
[TimeControl "180+1"]
[EndTime "9:27:56 PST"]
[Termination "SulfatoFerroso won on time"]

1. e4 c5 2. Nf3 e6 3. d4 cxd4 4. Nxd4 Nc6 5. Nc3 Qc7 6. a3 a6 7.
Be3 b5 8. Qf3 b4 9. axb4 Nxb4 10.
O-O-O Nf6 11. g4 d5 12. e5 Nd7 13. Bf4 Nxe5 14. Qg3 Bd6 15. Kb1 Bd7 16. Bg2 g5 17.
Bxg5 Nc4 18. Qf3 Rb8 19. Rhe1 Nxb2 20. Qf6 Rg8 21. Nf5 Bf8 22. Nd4 N2d3 23. cxd3 Nxd3+ 24. Kc2 Nxe1+ 25. Rxe1 Rc8 26. Nb3 Ba4 27. Kb2 Bxb3 28. Bxd5 Bg7 0-1

[Event "Early-Titled-Tuesday-Blitz-January-23-2024"]
[Site "Chess.com"]
[Date "2024.01.23"]
[Round "8"]
[White "Cheer_Down"]
[Black "dmosesov"]
[Result "1-0"]
[WhiteElo "2467"]
[BlackElo "2589"]
[TimeControl "180+1"]
[EndTime "9:27:56 PST"]
[Termination "Cheer_Down won on time"]

1. e4 Nf6 2. d3 e5 3. Nf3 Nc6 4. g3 d5 5. exd5 Nxd5 6. Bg2 Be7 7. O-O O-O 8. Re1 Bf6 9. Nbd2 g6 10. Nc4 Re8 11. c3 Bf5 12. a4 Nb6 13. a5 Nxc4 14.
dxc4 Bd3 15. a6 Rb8 16. axb7 Bxc4 17. Qxd8 Rexd8 18. Ng5 Bd5 19. Bxd5 Rxd5 20. Ra6 Bxg5 21. Rxc6 Bxc1 22. Rxc1 Rxb7 23. b4 a5 24. bxa5 Rxa5 25. Rd1 Kg7 26. Rd7 h5 27. h4 Rab5 28. Rcxc7 1-0

[Event "Early-Titled-Tuesday-Blitz-January-23-2024"]
[Site "Chess.com"]
[Date "2024.01.23"]
[Round "8"]
[White "yobdc"]
[Black "isaak2009"]
[Result "1-0"]
[WhiteElo "2537"]
[BlackElo "2640"]
[TimeControl "180+1"]
[EndTime "9:27:57 PST"]
[Termination "yobdc won on time"]

1. d4 d5 2. c4 c6 3. Nf3 Nf6 4.
Nc3 e6 5. e3 Nbd7 6. Qc2 Bd6 7.
b3 O-O 8. Be2 b6 9. O-O Bb7 10.
Bb2 Rc8 11. Rad1 Qe7 12. Rfe1 c5 13. cxd5 exd5 14. Qf5 c4 15. bxc4 dxc4 16. d5 a6 17. a4 g6 18. Qg5 Ne5 19. Nxe5 Bxe5 20. Bf3 Qd6 21. Nb5 Bxh2+ 22. Kh1 axb5 23. Bxf6 h6 24. Qh4 Be5 25. Be7 Qd7 26. Bxf8 Rxf8 27. axb5 c3 28. d6 Bxf3 29. gxf3 c2 30. Rc1 Qxb5 31. Qxh6 Qc6 32. Kg2 Bg7 33. Qh4 Rc8 34. Re2 Qxd6 35. Rexc2 Rxc2 36. Rxc2 Bf6 37. Rc8+ 1-0

[Event "Early-Titled-Tuesday-Blitz-January-23-2024"]
[Site "Chess.com"]
[Date "2024.01.23"]
[Round "8"]
[White "EdmundPlayer"]
[Black "InitiatingASC"]
[Result "0-1"]
[WhiteElo "2262"]
[BlackElo "2438"]
[TimeControl "180+1"]
[EndTime "9:27:57 PST"]
[Termination "InitiatingASC won on time"]

1. Nc3 Nf6 2. e4 e5 3. Bc4 Be7 4. d3 O-O 5. Nge2 c6 6. Bb3 d6 7. h3 Na6 8. a4 Nc5 9. Ba2 Be6 10. Ng3 Re8 11. O-O Bxa2 12. Rxa2 d5 13. Nf5 Bf8 14. Qf3 d4 15. Ne2 Ne6 16. Neg3 Qc7 17. Nh5 Nxh5 18. Qxh5 Nf4 19. Qg4 h5 20. Qg5 f6 21. Nh6+ Kh7 22.
Qf5+ Kxh6 23. g4 Qf7 24. Bxf4+ exf4 25. Ra3 Bxa3 26. bxa3 g6 27. Qc5 Re5 28. Qxd4 hxg4 29.
hxg4 g5 30. Kg2 Kg7 31. Qd6 Rh8 32. f3 Rh4 33. d4 Re8 34. e5 Reh8 0-1

[Event "Early-Titled-Tuesday-Blitz-January-23-2024"]
[Site "Chess.com"]
[Date "2024.01.23"]
[Round "8"]
[White "flomarechot"]
[Black "RCone"]
[Result "1/2-1/2"]
[WhiteElo "2289"]
[BlackElo "2413"]
[TimeControl "180+1"]
[EndTime "9:27:57 PST"]
[Termination "Game drawn by repetition"]

1. Nf3 d6 2. d4 Nf6 3. b3 g6 4.
Bb2 Bg7 5. e3 O-O 6. Be2 Nc6 7.
O-O e5 8. dxe5 Ng4 9. c4 dxe5 10.
h3 Nh6 11. Nc3 Bf5 12. Qxd8 Rfxd8 13. Rfd1 f6 14. Nb5 Rdc8 15. Rd2 a6 16. Nc3 Nf7 17. Rad1 Bf8 18. Nd5 Kg7 19. Nh4 Be6 20. f4 Bxd5 21.
cxd5 Ne7 22. Nf3 exf4 23. exf4 Nf5 24. Nd4 Bc5 25. Kh2 Nxd4 26. Bxd4 Bxd4 27. Rxd4 Nd6 28.
Bf3 Re8 29. Rc1 Re7 30. Rd2 Rd8 31. Rdc2 Rdd7 32. Bg4 f5 33. Bf3 h5 34. a4 a5 35.
Kg1 Kf6 36. Kf2 h4 37. Rc5 b6 38. Rc6 Kf7 39. R1c2 Ke8 40. R6c3 Kd8 41. Re3 Ne4+ 42. Bxe4 fxe4 43. Rc4 Rxd5 44. Rcxe4 Rf7 45. Kf3 Kd7 46. Re5 Rd1 47. Kg4 Rd2 48. Re2 Rd3 49. R5e3 Rd4 50. Re4 Rd3 51. R4e3 Rd4 52. Re4 Rd3 53. R4e3 1/2-1/2

[Event "Early-Titled-Tuesday-Blitz-January-23-2024"]
[Site "Chess.com"]
[Date "2024.01.23"]
[Round "8"]
[White "Witty_Alien"]
[Black "CristianS27"]
[Result "1-0"]
[WhiteElo "2352"]
[BlackElo "2558"]
[TimeControl "180+1"]
[EndTime "9:27:58 PST"]
[Termination "Witty_Alien won on time"]

1. e4 e5 2. d4 exd4 3. c3 d5 4. e5 dxc3 5. Nf3 Nc6 6. Bd3 Bg4 7. O-O Bc5 8. h3 Bh5 9. Nxc3 Nge7 10. Re1 Nd4 11.
g4 Nxf3+ 12. Qxf3 Bg6 13. Bg5 c6 14. e6 O-O 15. Bxg6 hxg6 16. Re2 fxe6 17. Qd3 Qb6 18.
Kg2 Rf7 19. Na4 Qb4 20. Nxc5 Qxc5 21. Rae1 Raf8 22. Be3 Qd6 23. Bd4 Qf4 24. Rxe6 Nc8 25. Rxg6 b6 26. Re2 c5 27. Be5 Qa4 28. Rh6 Re8 29. Qh7+ Kf8 30. Bxg7+ Rxg7 31. Rf6+ 1-0

[Event "Early-Titled-Tuesday-Blitz-January-23-2024"]
[Site "Chess.com"]
[Date "2024.01.23"]
[Round "8"]
[White "IsaqueGoncalvesSanto"]
[Black "hmatyi07"]
[Result "0-1"]
[WhiteElo "1811"]
[BlackElo "2183"]
[TimeControl "180+1"]
[EndTime "9:27:58 PST"]
[Termination "hmatyi07 won by checkmate"]

1. d4 Nf6 2. c4 e6 3. Nc3 d5 4. Bg5 Be7 5. e3 c6 6. Qc2 O-O 7. Rb1 Nbd7 8. cxd5 cxd5 9. Bd3 h6 10. Bf4 Nh5 11. Bg3 Nxg3 12. hxg3 Nf6 13. f3 Bb4 14. Ne2 Nd7 15. a3 Bd6 16. Kf2 a6 17. b4 f5 18.
Nf4 Nf6 19. Na4 Bd7 20. Nc5 Rc8 21. Qa2 Bxf4 22. gxf4 Qb6 23. Rbc1 Rfe8 24. Rhg1 Bb5 25. Bb1 Bc4 26. Rxc4 dxc4 27. Qxc4 Nd5 28. g4 Qd6 29.
gxf5 exf5 30. Ba2 Rcd8 31. Nxb7 Qe6 32. Nxd8 Qxe3+ 33. Kg3 Rxd8 34. Rg2 Qxf4+ 35. Kh3 Qxf3+ 36. Rg3 Qh1# 0-1

[Event "Early-Titled-Tuesday-Blitz-January-23-2024"]
[Site "Chess.com"]
[Date "2024.01.23"]
[Round "8"]
[White "vasblesk"]
[Black "Njal28"]
[Result "0-1"]
[WhiteElo "2776"]
[BlackElo "3041"]
[TimeControl "180+1"]
[EndTime "9:28:00 PST"]
[Termination "Njal28 won by resignation"]

1. d4 Nf6 2. c4 c5 3. d5 g6 4. Nc3 Bg7 5. e4 d6 6. Nf3 O-O 7. Be2 e6 8. O-O exd5 9. cxd5 Bg4 10. Nd2 Bxe2 11. Qxe2 Nbd7 12. Nc4 Nb6 13. Nxb6 Qxb6 14. Bf4 Rfe8 15. Qc2 Nd7 16. Rae1 Ne5 17. Bc1 Qa6 18.
Rd1 b5 19. b3 c4 20. b4 Nd3 21. a3 Qb7 22. Be3 Rac8 23. f3 a6 24. Kh1 Qe7 25. Ne2 f5 26. Nd4 Bxd4 27. Bxd4 fxe4 28. fxe4 Qxe4 29. Ba1 Rf8 30. Qc3 Ne5 31. Qh3 Qg4 32. Qe3 Rxf1+ 33. Rxf1 Rf8 34. Rxf8+ Kxf8 35. Qf2+ Qf5 36.
Qg1 Nd3 37. h3 Qf2 38. Qd1 Qf4 39. Qe2 Qc1+ 40. Kh2 Qxa1 0-1

[Event "Early-Titled-Tuesday-Blitz-January-23-2024"]
[Site "Chess.com"]
[Date "2024.01.23"]
[Round "8"]
[White "MatthewG-p4p"]
[Black "Meri-Arabidze"]
[Result "0-1"]
[WhiteElo "2877"]
[BlackElo "2732"]
[TimeControl "180+1"]
[EndTime "9:28:00 PST"]
[Termination "Meri-Arabidze won by resignation"]

1. f4 d5 2. Nf3 Nf6 3. g3 g6 4.
Bg2 Bg7 5. O-O O-O 6. d3 c5 7.
Ne5 Qc7 8. Nc3 Rd8 9. Qe1 b6 10. e4 Bb7 11. a4 a6 12. h3 e6 13. g4 Ra7 14. g5 Nfd7 15. Ng4 Nc6 16. Qh4 Nd4 17. Rf2 dxe4 18. dxe4 Bc6 19. Be3 b5 20.
Nf6+ Nxf6 21. gxf6 Bf8 22. Raf1 b4 23. Nb1 Qb7 24.
Nd2 Nxc2 25. Nc4 Nxe3 26. Nxe3 Bxe4 27. f5 exf5 28. Nxf5 Bxg2 29. Rxg2 c4 30. Qxc4 Qb6+ 31. Kh1 Rc7 32. Qh4 Qc6 33. Nh6+ Kh8 34. a5 Rd2 35. Rg1 Rcd7 36. Ng4 Rxg2 37. Rxg2 Rd1+ 38. Kh2 Bd6+ 0-1

[Event "Early-Titled-Tuesday-Blitz-January-23-2024"]
[Site "Chess.com"]
[Date "2024.01.23"]
[Round "8"]
[White "masnyszachistaaa"]
[Black "Harry_Rakkel"]
[Result "0-1"]
[WhiteElo "2525"]
[BlackElo "2662"]
[TimeControl "180+1"]
[EndTime "9:28:01 PST"]
[Termination "Harry_Rakkel won on time"]

1. Nf3 Nf6 2. c4 e6 3. g3 d5 4. Bg2 dxc4 5. Qa4+ Bd7 6. Qxc4 c5 7. d4 Bc6 8. dxc5 Nbd7 9. O-O Bxc5 10. Nc3 Rc8 11. Qh4 Be7 12. Qh3 Qb6 13. Rb1 O-O 14. Be3 Qa6 15. Rfd1 Rfd8 16. Nd4 Bxg2 17. Qxg2 Ne5 18. Bf4 Ng6 19. Ndb5 Nxf4 20. gxf4 Qb6 21. Rxd8+ Rxd8 22. Qf3 a6 23. Na3 Bxa3 24. bxa3 Qc7 25. Ne4 Nd5 26.
e3 b5 27. Qe2 Qe7 28. a4 f5 29. Ng5 h6 30. Nf3 Nc3 31. Qc2 Nxb1 32. Qxb1 bxa4 33.
Qb6 Qd6 34. Qa5 Qd5 35. Qb6 Rc8 36. Ne1 Rc1 37. Qb4 a5 0-1